 Seeded DCSS version 0.29-a0-923-g6e406bff71 (webtiles) character file.

Game seed: 20220728 (custom seed)

182 purpskrrrp the Cudgeller (level 5, -2/33 HPs)
             Began as a Gargoyle Monk on July 28, 2022.
             Was an Elder of Zin.
             Slain by an iron imp (8 damage)
             ... summoned by Eustachio
             ... on level 4 of the Dungeon.
             The game lasted 00:07:35 (3047 turns).

purpskrrrp the Cudgeller (Gargoyle Monk)            Turns: 3047, Time: 00:07:36

Health: -2/33      AC: 11    Str: 18    XL:     5   Next: 61%
Magic:  5/6        EV: 10    Int: 11    God:    Zin [****..]
Gold:   114        SH:  0    Dex: 13    Spells: 4/4 levels left

rFire   + . .      SeeInvis .   a - +0 mace (spect)
rCold   . . .      Faith    .   (no shield)
rNeg    + . .      Spirit   .   e - +0 scale mail {rF+}
rPois   ∞          Reflect  .   o - +0 helmet
rElec   +          Harm     .   (no cloak)
rCorr   .          Rampage  .   (no gloves)
Will    .....                   (no boots)
Stlth   +.........              (no amulet)
HPRegen 0.11/turn               (no ring)
MPRegen 0.10/turn               (no ring)

@: vitalised
A: sickness immunity, AC +4, negative energy resistance 1, electricity
resistance, torment resistance 1, petrification resistance
a: Renounce Religion, Recite, Vitalisation, Imprison, Donate Gold


You were on level 4 of the Dungeon.
You worshipped Zin.
Zin was greatly pleased with you.
You visited 1 branch of the dungeon, and saw 4 of its levels.

You collected 169 gold pieces.
You donated 55 gold pieces to Zin.

Inventory:

Hand Weapons
 a - a +0 spectral mace (weapon)
 c - a +0 flail of protection
Missiles
 d - 4 poisoned darts (quivered)
 i - 6 boomerangs
 p - 3 javelins
Armour
 b - a +0 robe
 e - a +0 scale mail of fire resistance (worn)
 o - a +0 helmet (worn)
 t - a +0 ring mail of cold resistance
Wands
 g - a wand of roots (8)
 k - a wand of digging (4)
Scrolls
 l - a scroll of amnesia {unknown}
 m - a scroll of blinking {unknown}
 n - a scroll of enchant armour {unknown}
 q - a scroll of fear {unknown}
 r - a scroll of magic mapping
 s - 2 scrolls of silence
 u - a scroll of identify
Potions
 f - 3 potions of heal wounds
 h - a potion of invisibility
 j - 2 potions of curing {unknown}


   Skills:
 + Level 4.0 Fighting
 * Level 1.2(2.8) Axes
 * Level 4.3(4.4) Maces & Flails
 + Level 1.5 Armour
 + Level 2.7 Dodging
 + Level 2.3 Stealth
 * Level 2.0 Invocations


You had 4 spell levels left.
You didn't know any spells.
Your spell library was empty.

Dungeon Overview and Level Annotations

Branches:
Dungeon (4/15)
 Temple: D:4-7

Altars:
Zin

Annotations:
D:3 3 runed translucent doors, Aurophilus's ghost, amateur DjFE
D:4 Eustachio


Innate Abilities, Weirdness & Mutations

You are immune to sickness and miasma.
Your stone body is resilient. (AC +4)
You are immune to poison.
You resist negative energy. (rN+)
You are resistant to electric shocks. (rElec)
You are resistant to unholy torment.
You are immune to petrification.


Message History

The white imp gestures at you.
The puff of frost hits your +0 spectral mace.
Your +0 spectral mace resists.
Your spectral weapon shares its damage with you!
The iron imp hits you but does no damage.
Eustachio hits you with a +1 falchion of holy wrath.
You hit Eustachio.
Eustachio is lightly wounded.
Your +0 spectral mace closely misses Eustachio.
The quokka barely misses you. The rat closely misses you.
Eustachio barely misses you.
You hit Eustachio but do no damage.
Eustachio is lightly wounded.
Your +0 spectral mace hits Eustachio.
The quokka closely misses you. The iron imp hits you.
The iron imp closely misses you. The rat bites you but does no damage.
The white imp barely misses your +0 spectral mace.
Eustachio misses you. The quokka barely misses you.
Zin grants you divine stamina.
The iron imp hits you but does no damage.
The rat bites you but does no damage. The iron imp hits you.
The quokka barely misses you.
Eustachio casts a spell.
You barely miss Eustachio.
Eustachio is moderately wounded.
The quokka closely misses you. The rat bites you but does no damage.
The iron imp hits you but does no damage.
The iron imp hits you.
Eustachio hits you with a +1 falchion of holy wrath.
* * * LOW HITPOINT WARNING * * *
You hit Eustachio.
Eustachio is moderately wounded.
The quokka closely misses you. The rat closely misses you.
The quokka bites you but does no damage.
Eustachio hits you with a +1 falchion of holy wrath.
* * * LOW HITPOINT WARNING * * *
The iron imp barely misses you.
The iron imp shouts, "Leave, thou frothy hedge-born cross-patch!"
The iron imp hits you!
You die...

#....) #..... #.....
########### #'###.
#.........# ######..##.
+.......§.# #....#.....
#......5..# #....#.....
#.....r@5.# #....'.....
#.....r@5.######'##..##.
#####.r...........#'###.
#.............#.. #.
#.....).†.....#...#.
#.............#...#.
+.............#...+.
#.............#...#.
#.............## ##
....##+######....


You could see Eustachio, 2 iron imps, a white imp (summoned), 2 quokkas and a
rat (summoned).

Vanquished Creatures
  A scorpion (D:4)
  An iguana (D:4)
  3 gnolls (D:2)
  3 adders
  2 orcs (D:3)
  3 bats
  6 endoplasms
  2 giant cockroaches
  4 goblins
  6 hobgoblins
  5 kobolds
  2 quokkas
  3 ball pythons
  3 rats
44 creatures vanquished.

Vanquished Creatures (others)
  4 fungi (D:3)
4 creatures vanquished.

Grand Total: 48 creatures vanquished

Notes
Turn   | Place    | Note
-------+----------+-------------------------------------------
     0 | D:1      | purpskrrrp the Gargoyle Monk began the quest for the Orb.
     0 | D:1      | Reached XP level 1. HP: 14/14 MP: 1/1
   290 | D:1      | Found a faded altar of an unknown god.
   299 | D:1      | Reached XP level 2. HP: 13/19 MP: 2/2
   300 | D:1      | Prayed at the altar of an unknown god.
   300 | D:1      | Became a worshipper of Zin the Law-Giver
   300 | D:1      | Reached * piety under Zin
   300 | D:1      | Reached ** piety under Zin
   534 | D:1      | Reached *** piety under Zin
  1731 | D:2      | Reached XP level 3. HP: 24/24 MP: 3/3
  2100 | D:2      | Reached skill level 1 in Invocations
  2117 | D:2      | Reached XP level 4. HP: 29/29 MP: 3/5
  2228 | D:2      | Donated 39 gold pieces to Zin
  2365 | D:3      | Noticed a kobold brigand
  2386 | D:3      | Found a runed translucent gate.
  2387 | D:3      | Found a runed translucent gate.
  2387 | D:3      | Noticed Aurophilus's ghost (amateur DjFE)
  2388 | D:3      | Found a runed translucent gate.
  2436 | D:3      | Reached **** piety under Zin
  2923 | D:4      | Noticed a scorpion
  2931 | D:4      | Killed a scorpion
  2932 | D:4      | Reached skill level 1 in Axes
  2932 | D:4      | Reached skill level 1 in Armour
  2932 | D:4      | Reached XP level 5. HP: 29/33 MP: 6/6
  3032 | D:4      | Noticed Eustachio
  3047 | D:4      | Slain by an iron imp

Illustrated notes

Levels and vault maps discovered:
D:1:      dpeg_arrival_erosion, layout_basic, ebering_ecumenical_altar_abandoned
D:2:      layout_basic
D:3:      layout_loops_ring, gammafunk_ghost_nasty_kobolds
D:4:      layout_gridville, lemuel_tele_altar, st_stairs_3, uniq_eustachio

Skill      XL: |  1  2  3  4  5 |
---------------+----------------+-----
Invocations    | 1 2 |  2.0
Fighting       | 4 |  4.0
Axes           | 1 |  1.2
Maces & Flails | 4 |  4.3
Armour         | 1 |  1.5
Dodging        | |  2.7
Stealth        | |  2.3

Action                   |  1- 3 |  4- 6 || total
-------------------------+-------+-------++-------
Melee: Mace              |    69 |    46 ||   115
       Punch             |     1 |     1 ||     2
Invok: Vitalisation      |     1 |     1 ||     2
       Donate Gold       |       |     1 ||     1
  Use: Scroll            |     2 |     5 ||     7
       Potion            |     1 |       ||     1
 Stab: Sleeping          |     1 |       ||     1
Armor: Scale mail        |    28 |    23 ||    51
       Robe              |     1 |       ||     1
Dodge: Dodged            |    44 |    39 ||    83

Table legend: (Time is in decaauts)
 A = Elapsed time spent in this place.
 B = Non-inter-level travel time spent in this place.
 C = Inter-level travel time spent in this place.
 D = Time resting spent in this place.
 E = Time spent auto-exploring this place.
 F = Levels seen in this place.
 G = Mean time per level.
                   A        B        C        D        E       F      G
               +--------+--------+--------+--------+--------+-----+--------+
         Total |   3071 |   2983 |     88 |      0 |   2523 |   4 |  767.8 |
       Dungeon |   3071 |   2983 |     88 |      0 |   2523 |   4 |  767.8 |
               +--------+--------+--------+--------+--------+-----+--------+

Top non-repeatable levels by time:
     D:1: 1308 daAuts
     D:2: 937 daAuts
     D:3: 647 daAuts
     D:4: 178 daAuts
